 Dungeon Crawl Stone Soup version 0.27.1-34-g3ba077fa99 (webtiles) character file.

Game seed: 13203925846854513660

44 alasdair19 the Covered (level 3, -1/33 HPs)
             Began as a Minotaur Fighter on Feb 5, 2022.
             Slain by a goblin (3 damage)
             ... led by Robin
             ... on level 3 of the Dungeon.
             The game lasted 00:01:28 (1040 turns).

alasdair19 the Covered (Minotaur Fighter)           Turns: 1040, Time: 00:01:29

Health: -1/33      AC:  7    Str: 20    XL:     3   Next: 39%
Magic:  2/2        EV:  7    Int:  6    God:
Gold:   47         SH:  9    Dex:  9    Spells: 2/2 levels left

rFire    . . .     SeeInvis .   a - +0 long sword
rCold    . . .     Faith    .   c - +0 kite shield
rNeg     . . .     Spirit   .   b - +0 scale mail
rPois    .         Reflect  .   (helmet restricted)
rElec    .         Harm     .   (no cloak)
rCorr    .         Rampage  .   (no gloves)
Will     .....                  (no boots)
Stlth    ..........             (no amulet)
HPRegen  0.11/turn              (no ring)
MPRegen  0.08/turn              (no ring)

@: mighty
A: horns 2, retaliatory headbutt
a: no special abilities


You were on level 3 of the Dungeon.
You visited 1 branch of the dungeon, and saw 3 of its levels.

You collected 47 gold pieces.

Inventory:

Hand Weapons
 a - a +0 long sword (weapon)
Armour
 b - a +0 scale mail (worn)
 c - a +0 kite shield (worn)
Scrolls
 e - a scroll of blinking {unknown}
Potions
 f - a potion of ambrosia {unknown}


   Skills:
 + Level 3.9 Fighting
 + Level 2.9 Long Blades
 + Level 4.5 Armour
 + Level 4.1 Shields


You had 2 spell levels left.
You didn't know any spells.
Your spell library contained the following spells:

 Spells                   Type           Power      Damage    Failure   Level
 Iskenderun's Battlesphe  Conj           0%         2d6       100%        5
 Iron Shot                Conj/Erth      0%         9d1       100%        6
 Spellforged Servitor     Conj/Summ      0%         N/A       100%        7


Dungeon Overview and Level Annotations

Branches:
Dungeon (3/15)

Altars:
Zin

Annotations:
D:2 Robin


Innate Abilities, Weirdness & Mutations

You have a pair of horns on your head.
You reflexively headbutt those who attack you in melee.


Message History

You kill the goblin!
The hobgoblin barely misses you. The goblin hits you but does no damage.
The goblin hits you with a +0 dagger.
* * * LOW HITPOINT WARNING * * *
You block the hobgoblin's attack.
Unknown command.
Found 12 gold pieces.
The goblin no longer looks unusually strong.
You block the goblin's attack.
Things that are here:
a +0 dagger; a goblin corpse The goblin barely misses you.
Found a stone staircase leading down.
Found a glowing silver altar of Zin.
The hobgoblin no longer looks unusually strong.
A goblin comes into view. It is wielding a +0 club.
The goblin shouts!
Robin throws the goblin at you! The goblin hits you but does no damage.
The goblin no longer looks unusually strong. x2
Found 20 sling bullets and 7 gold pieces.
Found a stone staircase leading up.
There is a stone staircase leading down here.
The goblin hits you but does no damage.
You climb downwards.
Found a stone staircase leading up.
There is a stone staircase leading up here.
You closely miss the goblin.
The goblin hits you but does no damage. x2
The goblin barely misses you. The goblin hits you but does no damage.
You closely miss the goblin. You headbutt the goblin.
You kill the goblin!
You block the goblin's attack.
You miss the goblin. The goblin hits you with a +0 dagger.
* * * LOW HITPOINT WARNING * * *
You block the goblin's attack.
Your shield and scale mail prevent you from hitting the goblin.
Your headbutt misses the goblin. The goblin hits you but does no damage.
You miss the goblin. You block the goblin's attack.
You closely miss the goblin. You block the goblin's attack.
The goblin hits you with a +0 dagger.
You die...

#.#######
#.....g.#####..
#@)....<.
######...


You could see a goblin.

Vanquished Creatures
  2 dart slugs
  4 ball pythons (D:1)
  A giant cockroach (D:1)
  11 goblins
  6 hobgoblins (D:1)
  3 kobolds
  3 bats (D:1)
  2 frilled lizards
  3 rats
35 creatures vanquished.

Notes
Turn   | Place    | Note
-------+----------+-------------------------------------------
     0 | D:1      | alasdair19 the Minotaur Fighter began the quest for the
                  | Orb.
     0 | D:1      | Reached XP level 1. HP: 19/19 MP: 0/0
   234 | D:1      | Reached XP level 2. HP: 27/27 MP: 1/1
   283 | D:1      | Found a faded altar of an unknown god.
   537 | D:1      | Reached XP level 3. HP: 33/33 MP: 2/2
  1013 | D:2      | Noticed Robin
  1022 | D:2      | HP: 1/33 [goblin[Robin] (1)]
  1027 | D:2      | Found a glowing silver altar of Zin.
  1040 | D:3      | Slain by a goblin

Illustrated notes

Levels and vault maps discovered:
D:1:      scummos_arrival_gate, layout_basic, dreamdust_ecumenical_altar_statues
D:2:      layout_rooms, basic_altar, uniq_robin, uniq_sigmund
D:3:      layout_rooms, gammafunk_temple_overflow_statue

Skill      XL: |  1  2 |
---------------+-------+-----
Armour         | 4 |  4.5
Shields        | 4 |  4.1
Fighting       | |  3.9
Long Blades    | |  2.9

Action                   || total
-------------------------++-------
Melee: Long sword        ||    65
       Headbutt          ||     8
  Use: Potion            ||     1
Armor: Scale mail        ||    40
Dodge: Dodged            ||    25
Block: Kite shield       ||    40
       Rpst.: Long sword ||     3
